 Dungeon Crawl Stone Soup version 0.31-a0-96-g196d5507e3 (webtiles) character file.

Game seed: 4893307921523893151

5292 Ijustatesigmund the Fighter (level 10, -4/68 HPs)
             Began as a Gargoyle Fighter on May 26, 2023.
             Was an Elder of Cheibriados.
             Slain by Harold
             ... wielding a +2 battleaxe of electrocution
              (10 damage)
             ... on level 9 of the Dungeon.
             The game lasted 00:16:54 (9596 turns).

Ijustatesigmund the Fighter (Gargoyle Fighter)      Turns: 9596, Time: 00:16:54

Health: -4/68      AC: 16    Str: 29    XL:     10   Next: 63%
Magic:  15/15      EV: 10    Int: 22    God:    Cheibriados [****..]
Gold:   360        SH:  6    Dex: 24    Spells: 9/9 levels left

rFire   . . .        a - +2 morningstar (drain)
rCold   . . .        c - +0 buckler
rNeg    + + .        b - +0 swamp dragon scales
rPois   ∞            (no helmet)
rElec   +            (no cloak)
rCorr   .            (no gloves)
SInv    .            (no boots)
Will    .....        (no amulet)
Stlth   +            f - +6 ring of dexterity
HPRegen 0.31/turn    p - ring of positive energy
MPRegen 0.14/turn

%: no passive effects
@: very slow
A: sickness immunity, AC +7, negative energy resistance 1, electricity
resistance, torment resistance 1, petrification resistance
a: Renounce Religion, Bend Time, Temporal Distortion, Slouch


You were on level 9 of the Dungeon.
You worshipped Cheibriados.
Cheibriados was greatly pleased with you.
You visited 2 branches of the dungeon, and saw 10 of its levels.
You also visited: Sewer.

You collected 588 gold pieces.
You spent 228 gold pieces at shops.

Inventory:

Hand Weapons
 a - a +2 morningstar of draining (weapon)
 d - a +2 flail
Armour
 b - +0 swamp dragon scales (worn)
 c - a +0 buckler (worn)
Jewellery
 f - a +6 ring of dexterity (left hand)
 p - a ring of positive energy (right hand)
 u - a ring of protection from fire
Wands
 o - a wand of iceblast (5)
 q - a wand of digging (2)
 t - a wand of charming (6)
 v - a wand of polymorph (3)
Scrolls
 i - 2 scrolls of fear
 n - 3 scrolls of teleportation
 r - 9 scrolls of identify
Potions
 e - 8 potions of heal wounds
 g - 2 potions of enlightenment
 h - a potion of invisibility
 j - 4 potions of curing
 k - 2 potions of mutation
 l - 2 potions of attraction
 m - a potion of cancellation
 s - 2 potions of might


   Skills:
 + Level 10.0 Fighting
 + Level 8.9 Maces & Flails
 - Level 8.3 Armour
 + Level 3.5 Shields
 + Level 7.0 Invocations


You had 9 spell levels left.
You didn't know any spells.
Your spell library contained the following spells:

 Spells                   Type           Power      Damage    Failure   Level
 Freeze                   Ice            0%         1d3       26%         1
 Frozen Ramparts          Ice            0%         1d1       63%         3
 Hailstorm                Conj/Ice       0%         3d3       63%         3
 Ozocubu's Armour         Ice            0%         N/A       63%         3
 Metabolic Englaciation   Hex/Ice        0%         N/A       100%        5
 Simulacrum               Ice/Necr       0%         N/A       100%        6


Dungeon Overview and Level Annotations

Branches:
Dungeon (9/15)             Temple (1/1) D:4           Sewer (visited)
   Lair: D:8-11         Orc: D:9-12

Altars:
Ashenzari
Cheibriados
Dithmenos
Elyvilon
Fedhas
Gozag
Hepliaklqana
Kikubaaqudgha
Makhleb
Nemelex Xobeh
Okawaru
Qazlal
Ru
Sif Muna
Trog
Uskayaw
Vehumet
Wu Jian
Yredelemnul
Zin
The Shining One

Shops:
D:3 !   D:4 ?   D:6 *

Portals:
Abyss: D:6

Annotations:
D:3 3 runed translucent doors, voshxx's ghost, amateur GrEE
D:6 2 transporters, schwarznadel's ghost, novice GnMo
D:8 3 runed translucent doors, monokles's ghost, novice OpSu
D:9 Harold


Innate Abilities, Weirdness & Mutations

You are immune to sickness and miasma.
Your stone body is resilient. (AC +7)
You are immune to poison.
You resist negative energy. (rN+)
You are resistant to electric shocks. (rElec)
You are resistant to unholy torment.
You are immune to petrification.


Message History

The wight is heavily damaged.
The wight closely misses you. The wight barely misses you.
You block Harold's attack.
You impale the wight!!
You destroy the wight!
Cheibriados thoroughly appreciates the change of pace.
The wight hits you with a +4 flail. You block Harold's attack.
Your Invocations skill increases to level 7!
You puncture Harold!
Harold is lightly wounded.
Harold completely misses you. The wight hits you but does no damage.
You bludgeon Harold!!
Harold is moderately wounded.
Harold hits you with a +2 battleaxe of electrocution!
The wight hits you with a +4 flail.
You are too injured to fight recklessly!
You are too injured to fight recklessly!
You are too injured to fight recklessly!
You are too injured to fight recklessly!
You are too injured to fight recklessly!
You are too injured to fight recklessly!
You are too injured to fight recklessly!
You are too injured to fight recklessly!
You are too injured to fight recklessly!
You are too injured to fight recklessly!
You are too injured to fight recklessly!
You are too injured to fight recklessly!
You are too injured to fight recklessly!
You are too injured to fight recklessly!
You barely miss Harold.
Harold is moderately wounded.
Harold hits you with a +2 battleaxe of electrocution!
* * * LOW HITPOINT WARNING * * *
The wight misses you.
You puncture Harold! You drain Harold.
Harold is heavily wounded.
The wight hits you with a +4 flail!
* * * LOW HITPOINT WARNING * * *
Harold hits you with a +2 battleaxe of electrocution!
You die...

..........#####..............
.............................
.............................
..........)..........#######.
.....................# #.
.....................# #.
......######.....)...# #.
......#....#'#.......+ #.
......#....@@#.......# ##
..... #....z)###.....# .....
#....... #.....# #........
... ######...# .. #+### +##
.(. ...


You could see Harold (drained) and a wight.

Vanquished Creatures
  A centaur warrior (D:8)
  Maggie (D:6)
  Sigmund (D:6)
  A steam dragon (D:8)
  A water moccasin (D:6)
  An orc warrior (D:8)
  2 sky beasts (D:7)
  A black bear (D:5)
  3 ice beasts
  An ogre (D:6)
  3 centaurs
  4 kobold brigands
  2 bullfrogs
  9 scorpions
  7 wights
  13 killer bees
  3 howler monkeys
  2 lava snakes (D:7)
  A gnoll bouda (D:7)
  4 hounds
  2 jellies
  3 orc priests
  2 sleepcaps (D:7)
  5 iguanas
  4 orc wizards
  3 gnolls (D:7)
  17 adders
  7 river rats (Sewer)
  4 shadow imps
  An ufetubus (D:5)
  2 worms (D:2)
  A dart slug (D:2)
  18 orcs
  15 ball pythons
  9 endoplasms
  2 giant cockroaches
  7 goblins
  6 hobgoblins
  4 jackals (D:1)
  3 quokkas
  7 bats
  4 frilled lizards
  35 kobolds
  19 rats
241 creatures vanquished.

Vanquished Creatures (others)
  An orc (D:6)
1 creature vanquished.

Grand Total: 242 creatures vanquished

Notes
Turn   | Place    | Note
-------+----------+-------------------------------------------
     0 | D:1      | Ijustatesigmund the Gargoyle Fighter began the quest for
                  | the Orb.
     0 | D:1      | Reached XP level 1. HP: 14/14 MP: 1/1
   230 | D:1      | Reached XP level 2. HP: 19/19 MP: 2/2
   303 | D:1      | Found a faded altar of an unknown god.
   530 | D:1      | Reached XP level 3. HP: 24/24 MP: 3/3
   619 | D:1      | Reached skill level 4 in Fighting
  1121 | D:2      | Reached XP level 4. HP: 30/30 MP: 4/4
  1602 | D:3      | Reached XP level 5. HP: 34/34 MP: 5/5
  1649 | D:3      | Found a glowing drain.
  1658 | Sewer    | Entered a sewer
  1673 | Sewer    | Reached skill level 5 in Fighting
  1958 | Sewer    | Noticed a kobold brigand
  1985 | Sewer    | Killed a kobold brigand
  1986 | Sewer    | Reached XP level 6. HP: 30/40 MP: 6/6
  2544 | Sewer    | Reached skill level 6 in Fighting
  2544 | Sewer    | Reached skill level 5 in Maces & Flails
  2946 | D:3      | Found a sacrificial altar of Ru.
  2958 | D:3      | Reached XP level 7. HP: 45/47 MP: 7/7
  3016 | D:3      | Found a basalt altar of Yredelemnul.
  3029 | D:3      | Found a runed translucent gate.
  3029 | D:3      | Found a runed translucent gate.
  3029 | D:3      | Found a runed translucent gate.
  3031 | D:3      | Noticed voshxx's ghost (amateur GrEE)
  3081 | D:3      | Found Izxadaerph's Distillery.
  3090 | D:3      | Bought a potion of curing for 36 gold pieces
  3090 | D:3      | Bought a potion of heal wounds for 60 gold pieces
  3090 | D:3      | Bought a potion of mutation for 96 gold pieces
  3405 | D:4      | Found Fyephyc's Magic Scroll Shop.
  3454 | D:4      | Bought a scroll of teleportation for 36 gold pieces
  3691 | D:4      | Identified the +9 dagger of Analysis {heavy, Dex+2}
  3954 | D:4      | Found a staircase to the Ecumenical Temple.
  4074 | Temple   | Entered the Ecumenical Temple
  4461 | Temple   | Became a worshipper of Cheibriados the Contemplative
  4510 | D:5      | Entered Level 5 of the Dungeon
  4518 | D:5      | Reached skill level 7 in Fighting
  4615 | D:5      | Reached XP level 8. HP: 47/53 MP: 8/8
  4619 | D:5      | Reached skill level 1 in Invocations
  4819 | D:5      | Reached skill level 5 in Armour
  5045 | D:5      | Reached * piety under Cheibriados
  5249 | D:6      | Found Zin's Purification Station.
  5249 | D:6      | Found a glowing silver altar of Zin.
  5327 | D:6      | Found a transporter.
  5327 | D:6      | Noticed schwarznadel's ghost (novice GnMo)
  5327 | D:6      | Noticed a toenail golem
  5339 | D:6      | Found a one-way gate to the infinite horrors of the Abyss.
  5381 | D:6      | Noticed Maggie
  6258 | D:7      | Reached skill level 8 in Fighting
  6259 | D:7      | Reached XP level 9. HP: 21/59 MP: 11/11
  6669 | D:7      | Found a hide-covered altar of Uskayaw.
  7096 | D:7      | Found a bloodstained altar of Trog.
  7096 | D:7      | Found an iron altar of Okawaru.
  7104 | D:7      | Found a faded altar of an unknown god.
  7106 | D:7      | Found an opulent altar of Gozag.
  7108 | D:7      | Found a hazy altar of Hepliaklqana.
  7291 | D:8      | Reached ** piety under Cheibriados
  7660 | D:6      | Noticed Sigmund
  7675 | D:6      | Killed Sigmund
  7678 | D:6      | Reached skill level 5 in Invocations
  7817 | D:6      | Identified the +0 chain mail of Hawiuf {Harm rPois Will-
                  | SInv}
  7832 | D:6      | Killed Maggie
  7833 | D:6      | Reached skill level 9 in Fighting
  7887 | D:6      | Found a transporter.
  8209 | D:8      | Reached XP level 10. HP: 66/66 MP: 14/14
  8307 | D:8      | Noticed a centaur warrior
  8318 | D:8      | Killed a centaur warrior
  8442 | D:8      | Reached *** piety under Cheibriados
  8619 | D:8      | Found a runed translucent gate.
  8620 | D:8      | Found a runed translucent gate.
  8629 | D:8      | Found a runed translucent gate.
  8631 | D:8      | Noticed monokles's ghost (novice OpSu)
  8632 | D:8      | Noticed a deep elf pyromancer
  8999 | D:8      | Reached **** piety under Cheibriados
  9376 | D:9      | Reached skill level 10 in Fighting
  9447 | D:9      | Found a shimmering blue altar of Sif Muna.
  9582 | D:9      | Noticed Harold
  9596 | D:9      | Slain by Harold

Illustrated notes

Levels and vault maps discovered:
D:1:      lightli_arrival_farm, layout_basic, dreamdust_ecumenical_altar_grove
D:2:      minmay_spotlight, layout_basic, serial_bayou_pond_c,
          chequers_serial_rivers_room_a
D:3:      layout_loops_ring, nicolae_ru_great_annihilating_truth,
          overflow_temple_1_default, portal_sewer_entry_d,
          ebering_ghost_rock_garden, serial_shops, nicolae_shop_statue_plus
D:4:      layout_basic, minmay_temple_entry_ruins, serial_shops, shop
D:5:      layout_rooms
D:6:      layout_cave_pools, zin_purify, gammafunk_ghost_abyssal_escape,
          uniq_sigmund, uniq_maggie
D:7:      minmay_recursive_quarters, layout_rooms, nicolae_uskayaw_suspiria,
          chequers_temple_overflow_minitemple
D:8:      layout_loops_ring, gammafunk_ghost_split, minmay_chambers_of_fives
D:9:      layout_irregular_city, mainiacjoe_overflow_catwalk, xom_teletrap_fun,
          uniq_harold
Temple:   minmay_temple_forest_path

Skill      XL: |  1  2  3  4  5  6  7  8  9 10 |
---------------+-------------------------------+-----
Fighting       | 4 5 6 7 8 9 10 | 10.0
Maces & Flails | 3 4 5 6 7 8 |  8.9
Armour         | 4 6 7 8 |  8.3
Invocations    | 3 5 7 |  7.0
Shields        | |  3.5

Action                     |  1- 3 |  4- 6 |  7- 9 | 10-12 || total
---------------------------+-------+-------+-------+-------++-------
  Melee: Flail             |   107 |   254 |   330 |       ||   691
         Morningstar       |       |       |    15 |   125 ||   140
  Evoke: Wand              |       |       |     3 |       ||     3
    Use: Scroll            |     2 |     7 |     9 |     1 ||    19
         Potion            |       |     4 |       |     1 ||     5
   Stab: Invisible         |       |     1 |       |       ||     1
         Paralysed         |       |       |     1 |       ||     1
         Sleeping          |       |       |     2 |       ||     2
 Armour: Scale mail        |    21 |       |       |       ||    21
         Chain mail        |    54 |   232 |    65 |       ||   351
         Leather armour    |       |       |   110 |       ||   110
         Swamp dragon scal |       |       |    11 |    85 ||    96
  Dodge: Dodged            |    60 |   119 |   181 |    86 ||   446
  Block: Buckler           |    24 |    80 |   106 |    50 ||   260

Table legend: (Time is in decaauts)
 A = Elapsed time spent in this place.
 B = Non-inter-level travel time spent in this place.
 C = Inter-level travel time spent in this place.
 D = Time resting spent in this place.
 E = Time spent auto-exploring this place.
 F = Levels seen in this place.
 G = Mean time per level.
                   A        B        C        D        E       F      G
               +--------+--------+--------+--------+--------+-----+--------+
         Total |  10869 |  10541 |    328 |   2100 |   6357 |  11 |  988.1 |
       Dungeon |   9275 |   9014 |    261 |   1736 |   5586 |   9 | 1030.6 |
        Temple |    422 |    355 |     67 |      0 |    340 |   1 |  422.0 |
         Sewer |   1171 |   1171 |      0 |    364 |    431 |   1 | 1171.0 |
               +--------+--------+--------+--------+--------+-----+--------+

Top non-repeatable levels by time:
     D:7: 2362 daAuts
     D:8: 1666 daAuts
   Sewer: 1171 daAuts
     D:1: 985 daAuts
     D:6: 922 daAuts
     D:5: 898 daAuts
     D:3: 716 daAuts
     D:4: 707 daAuts
     D:2: 667 daAuts
  Temple: 422 daAuts
     D:9: 348 daAuts
